Map: Oceanborn LE

Players

Dark

  • Race: Zerg Zerg
  • Spawn Location: 11:00

MaxPax - Winner!

  • Race: Protoss Protoss
  • League: Master
  • Spawn Location: 5:00

VOD

Have the link to the VOD?

Description

Time

  • Played on: Nov. 28, 2023, 6:54 a.m.
  • Length: 8:19
Show
View Real Time Build Order
Export as new Build Order

Dark Zerg 

Build Orders: Hatch First 

Get SALT Encoding   

  12  0:00  Drone  
  13  0:13  Overlord  
  13  0:17  Drone  
  14  0:31  Drone  
  14  0:32  Drone  
  16  0:48  Hatchery  
  15  0:51  Drone  
  15  0:54  Drone  
  17  0:57  Drone  
  17  1:02  Extractor  
  17  1:13  Spawning Pool  
  17  1:17  Drone  
  17  1:20  Drone  
  18  1:29  Drone  
  19  1:40  Drone  
  20  1:55  Drone  
  21  2:01  Queen x2, Metabolic Boost  
  21  2:03  Zergling x2  
  21  2:05  Zergling x2  
  27  2:13  Overlord  
  27  2:15  Drone  
  28  2:32  Drone x2  
  28  2:35  Zergling x4  
  32  2:45  Hatchery  
  32  2:47  Drone  
  32  2:49  Queen  
  34  2:54  Overlord  
  34  2:56  Drone  
  35  3:00  Drone  
  36  3:12  Queen  
  38  3:13  Drone  
  38  3:14  Drone  
  38  3:17  Overlord  
  38  3:19  Drone x2  
  42  3:25  Overlord  
  42  3:28  Drone x2  
  44  3:35  Queen  
  44  3:41  Drone x3  
  49  3:42  Drone x2  
  49  3:47  Drone x2  
  53  3:50  Drone  
  50  3:57  Overlord  
  50  4:00  Drone x4  
  54  4:03  Evolution Chamber  
  54  4:05  Zergling x4  
  54  4:08  Queen  
  57  4:14  Spore Crawler x2  
  55  4:18  Drone x3  
  58  4:27  Zergling x6  
  61  4:31  Drone x2  
  61  4:34  Drone x3  
  61  4:38  Zerg Melee Weapons Level 1  
  62  4:39  Drone  
  62  4:40  Drone x3  
  62  4:43  Spore Crawler  
  66  4:45  Drone  
  66  4:46  Overlord  
  66  4:51  Overlord  
  66  4:56  Drone  
  66  4:57  Overlord  
  66  5:02  Overlord, Extractor, Baneling Nest  
  66  5:06  Zergling x8  
  68  5:10  Zergling x2  
  69  5:19  Zergling x16  
  77  5:23  Hatchery  
  77  5:24  Zergling x2  
  77  5:33  Zergling x6  
  77  5:35  Zergling x4  
  81  5:39  Zergling x2  
  82  5:48  Zergling x16  
  90  5:50  Baneling x9  
  90  5:55  Zergling x2  
  90  5:56  Zergling x2  
  92  5:57  Queen x2  
  92  6:02  Baneling x4  
  94  6:15  Zergling x18  
  92  6:21  Drone x2  
  92  6:22  Queen  
  89  6:28  Roach Warren  
  89  6:30  Drone x6  
  92  6:33  Drone  
  92  6:34  Drone  
  94  6:41  Drone  
  94  6:43  Extractor  
  94  6:44  Extractor  
  94  6:46  Lair  
  93  6:48  Drone x3  
  93  6:49  Zergling x4  
  98  6:57  Zergling x12  
  103  7:03  Zergling x2  
  103  7:04  Overlord x2  
  103  7:08  Overlord  
  104  7:11  Overlord  
  104  7:14  Overlord  
  102  7:16  Overlord  
  102  7:18  Overlord  
  100  7:24  Roach x5  
  110  7:30  Roach x3  
  110  7:35  Zergling x10  
  113  7:38  Roach  
  113  7:39  Roach  
  113  7:43  Roach  
  98  7:45  Roach x2  
  98  7:49  Roach  
  97  7:52  Roach x2  
  97  7:54  Zergling x2  
  97  7:58  Roach  
  97  8:02  Zergling x2  
Show
View Real Time Build Order
Export as new Build Order

MaxPax Protoss - Winner!

Build Orders: 1 Gate Expand, Oracle Opening, Zealot Archon, Archon Drop 

Get SALT Encoding   

  12  0:00  Probe  
  13  0:13  Probe  
  14  0:19  Pylon  
  14  0:26  Probe (Chrono Boost)  
  15  0:38  Gateway, Probe (Chrono Boost)  
  16  0:45  Probe (Chrono Boost)  
  16  0:48  Assimilator  
  17  0:52  Probe  
  18  1:04  Probe  
  19  1:16  Probe  
  20  1:26  Nexus  
  20  1:36  Cybernetics Core  
  20  1:39  Probe  
  21  1:44  Assimilator  
  21  1:51  Probe  
  22  1:54  Pylon  
  22  2:03  Probe  
  23  2:10  Adept (Chrono Boost)  
  23  2:15  Probe  
  26  2:17  Stargate  
  26  2:27  Warp Gate, Probe (Chrono Boost)  
  27  2:37  Stalker  
  27  2:39  Probe (Chrono Boost)  
  27  2:41  Probe (Chrono Boost)  
  31  2:47  Probe (Chrono Boost)  
  31  2:49  Probe (Chrono Boost)  
  33  2:53  Probe (Chrono Boost)  
  33  2:54  Probe (Chrono Boost)  
  35  3:01  Oracle (Chrono Boost)  
  35  3:04  Probe  
  39  3:06  Probe  
  39  3:08  Pylon  
  40  3:16  Gateway, Probe  
  40  3:18  Probe  
  42  3:24  Adept  
  44  3:28  Probe  
  44  3:30  Probe  
  46  3:39  Oracle (Chrono Boost)  
  46  3:40  Probe  
  50  3:42  Probe  
  51  3:55  Nexus  
  51  3:57  Probe  
  51  3:58  Pylon  
  51  4:01  Probe  
  53  4:03  Assimilator  
  53  4:04  Assimilator  
  53  4:09  Probe  
  54  4:11  Pylon  
  54  4:16  Oracle (Chrono Boost), Probe  
  58  4:21  Probe  
  59  4:28  Probe  
  60  4:32  Twilight Council  
  60  4:33  Forge, Probe  
  61  4:40  Probe  
  61  4:41  Robotics Facility  
  61  4:45  Probe  
  63  4:53  Probe  
  63  4:57  Probe (Chrono Boost)  
  65  5:03  Gateway  
  65  5:05  Probe (Chrono Boost)  
  65  5:06  Gateway  
  66  5:07  Probe (Chrono Boost)  
  66  5:08  Charge, Protoss Ground Weapons Level 1 (Chrono Boost)  
  66  5:09  Probe (Chrono Boost)  
  69  5:16  Probe x2 (Chrono Boost)  
  69  5:17  Probe (Chrono Boost)  
  69  5:20  Probe (Chrono Boost)  
  71  5:21  Gateway, Probe (Chrono Boost)  
  71  5:23  Probe  
  71  5:25  Gateway  
  74  5:31  Probe  
  74  5:34  Gateway  
  76  5:36  Probe  
  76  5:37  Gateway  
  76  5:39  Warp Prism (Chrono Boost), Templar Archives  
  79  5:43  Probe  
  79  5:44  Zealot  
  79  5:46  Zealot  
  83  5:51  Probe  
  83  5:53  Probe  
  83  5:54  Pylon  
  83  5:55  Assimilator  
  85  5:58  Assimilator, Pylon  
  84  6:17  High Templar x4  
  79  6:21  Pylon  
  79  6:22  Pylon  
  79  6:23  Archon x2  
  79  6:25  Zealot x2  
  76  6:29  Observer  
  75  6:49  Pylon  
  75  6:53  Sentry, Nexus  
  77  6:55  Zealot x4  
  85  7:04  Pylon  
  85  7:10  Pylon  
  85  7:11  Pylon  
  85  7:14  Shield Battery  
  85  7:22  Zealot x6  
  97  7:23  Zealot x2  
  97  7:25  Pylon  
  100  7:35  Observer  
  79  7:46  Zealot x3  
  79  7:47  Zealot x4  
Tags
 
Add a new tag
Caveats
  • Supply blocks, unpowered buildings, or Contaminate may cause inaccurate times.
  • Supply counts are checked every 10 seconds.